 Dungeon Crawl Stone Soup version 0.21.1 (webtiles) character file.

1230 Mgcat the Fighter (level 8, -7/54 HPs)
             Began as a Gargoyle Fighter on Feb 2, 2018.
             Killed from afar by Karim's ghost (20 damage)
             ... with a lance of force
             ... on level 5 of the Dungeon.
             The game lasted 00:08:26 (4608 turns).

Mgcat the Fighter (Gargoyle Fighter)                Turns: 4608, Time: 00:08:26

Health: -7/54      AC: 12    Str: 26    XL:     8   Next: 48%
Magic:  8/8        EV: 10    Int:  9    God:
Gold:   247        SH:  0    Dex: 13    Spells: 7/7 levels left

rFire    . . .     SeeInvis .   y - +1 whip (flame)
rCold    . . .     Gourm    .   (no shield)
rNeg     + . .     Faith    .   b - +0 scale mail
rPois    ∞         Spirit   .   (no helmet)
rElec    +         Reflect  .   (no cloak)
rCorr    .         Harm     .   (no gloves)
MR       +....                  (no boots)
Stlth    ..........             (no amulet)
HPRegen  0.18/turn              o - ring of protection from magic
MPRegen  0.11/turn              r - +3 ring of dexterity

@: mighty
A: negative energy resistance 1, electricity resistance, unbreathing,
petrification resistance, rot immunity, AC +5
a: no special abilities


You were on level 5 of the Dungeon.
You were not hungry.

You visited 1 branch of the dungeon, and saw 5 of its levels.

You collected 247 gold pieces.

Inventory:

Hand Weapons
 a - a +0 flail
 y - a +1 whip of flaming (weapon)
Armour
 b - a +0 scale mail (worn)
 c - a +0 shield
Jewellery
 o - a ring of protection from magic (left hand)
 p - an uncursed ring of protection from magic
 r - a +3 ring of dexterity (right hand)
Wands
 u - a wand of digging (11)
Scrolls
 e - 8 scrolls of identify
 i - 4 scrolls of remove curse {unknown}
 j - a scroll of blinking {unknown}
 k - a scroll of enchant weapon {unknown}
 l - a scroll of fear {unknown}
 m - a scroll of fog {unknown}
 n - 4 scrolls of teleportation {unknown}
 s - a scroll of immolation {unknown}
 v - a scroll of magic mapping {unknown}
 w - a scroll of enchant armour {unknown}
 z - a scroll of random uselessness {unknown}
Potions
 d - 2 potions of might
 g - 3 potions of curing
 h - 2 potions of invisibility {unknown}
 q - a potion of cancellation {unknown}
 t - a potion of ambrosia {unknown}
 x - a potion of degeneration {unknown}
Comestibles
 f - 11 rations
 A - 2 chunks of flesh


   Skills:
 + Level 8.1 Fighting
 + Level 7.0 Maces & Flails
 + Level 3.9 Armour
 + Level 3.9 Shields


You had 7 spell levels left.
You didn't know any spells.

Dungeon Overview and Level Annotations

Branches:
Dungeon (5/15)
 Temple: D:4-7

Altars:

Shops:
D:4 :

Annotations:
D:3 1 runed door
D:5 Karim's ghost, novice GnCj


Innate Abilities, Weirdness & Mutations

You are resistant to torment.
Your stone body is resilient. (AC +5)
You are immune to poison.
You resist negative energy. (rN+)
You are resistant to electric shocks. (rElec)
You can survive without breathing.
You are immune to petrification.
You are immune to rotting.


Message History

a dagger; a robe; an orc corpse You whack the orc!
You burn the orc.
You kill the orc!
The orc closely misses you.
You whack the orc! You burn the orc.
You kill the orc!
You hit Karim's ghost. You burn Karim's ghost.
Karim's ghost is lightly damaged.
Karim's ghost hits you but does no damage.
You completely miss Karim's ghost.
Karim's ghost is lightly damaged.
Karim's ghost points at you and mumbles some strange words.
The magic dart hits you!
* * * LOW HITPOINT WARNING * * *
You miss Karim's ghost.
Karim's ghost is lightly damaged.
The orc closely misses you. Karim's ghost casts a spell at you.
The lance of force hits you!
You die...

. ### .. ..# #. #.# . #.
#.# ... #.###.######.....
#.....@W[oo......
...###########..o#####.....
....................# ...
..........#####....... .
....#####.# #........ ...#
#.# #>.......
.#.######.####.........
...............#.......
......................


You could see Karim's ghost and 3 orcs.

Vanquished Creatures
  Pikel (D:4)
  The ghost of bmj180 the Shield-Bearer, an amateur HaFi (D:4)
  A sky beast (D:5)
  A slave (D:4)
  An ogre (D:5)
  A scorpion (D:4)
  A hound (D:4)
  A centaur skeleton (D:4)
  An orc priest (D:5)
  4 orc wizards
  Ijyb (D:3)
  A worker ant (D:4)
  7 adders
  An ooze (D:3)
  An adder skeleton (D:4)
  2 worms
  A dart slug (D:2)
  2 leopard geckos
  11 orcs
  3 giant cockroaches
  11 goblins
  4 hobgoblins
  4 jackals (D:2)
  7 kobolds
  2 ball pythons
  8 bats
  2 frilled lizards
  A jackal skeleton (D:4)
  11 rats
93 creatures vanquished.

Vanquished Creatures (others)
  An ogre (D:4)
1 creature vanquished.

Grand Total: 94 creatures vanquished

Notes
Turn   | Place    | Note
-------+----------+-------------------------------------------
     0 | D:1      | Mgcat the Gargoyle Fighter began the quest for the Orb.
     0 | D:1      | Reached XP level 1. HP: 14/14 MP: 1/1
   282 | D:1      | Reached XP level 2. HP: 19/19 MP: 2/2
  1071 | D:2      | Reached skill level 4 in Fighting
  1071 | D:2      | Reached XP level 3. HP: 24/24 MP: 3/3
  1680 | D:3      | Reached XP level 4. HP: 30/30 MP: 4/4
  1771 | D:3      | Found a runed door.
  2129 | D:3      | Reached XP level 5. HP: 30/34 MP: 5/5
  2236 | D:3      | Reached skill level 5 in Fighting
  2338 | D:3      | Noticed Ijyb
  2360 | D:3      | Killed Ijyb
  2778 | D:4      | Reached XP level 6. HP: 22/40 MP: 6/6
  3012 | D:4      | Noticed a slave
  3035 | D:4      | Killed a slave
  3103 | D:4      | Noticed a slave
  3104 | D:4      | Noticed Pikel
  3122 | D:4      | Noticed a slave
  3128 | D:4      | Killed Pikel
  3128 | D:4      | Reached skill level 7 in Fighting
  3128 | D:4      | Reached XP level 7. HP: 22/48 MP: 7/7
  3419 | D:4      | Noticed bmj180's ghost (amateur HaFi)
  3430 | D:4      | Killed bmj180's ghost
  3430 | D:4      | Reached XP level 8. HP: 49/54 MP: 8/8
  3643 | D:4      | Found Epri Bugge's Book Shoppe.
  4443 | D:5      | Entered Level 5 of the Dungeon
  4478 | D:5      | Reached skill level 8 in Fighting
  4568 | D:5      | Noticed Karim's ghost (novice GnCj)
  4608 | D:5      | Killed from afar by Karim's ghost

Skill      XL: |  1  2  3  4  5  6  7  8 |
---------------+-------------------------+-----
Fighting       | 4 5 7 8 |  8.1
Maces & Flails | 3 4 6 7 |  7.0
Armour         | |  3.9
Shields        | |  3.9

Action                   |  1- 3 |  4- 6 |  7- 9 || total
-------------------------+-------+-------+-------++-------
Melee: Flail             |   149 |   173 |    11 ||   333
       Whip              |       |       |   113 ||   113
  Use: Potion            |       |       |     2 ||     2
       Scroll            |       |       |     1 ||     1
  Eat: Chunk             |     3 |     5 |     4 ||    12
Armor: Scale mail        |   107 |   119 |    57 ||   283
Dodge: Dodged            |    96 |    81 |    34 ||   211
